 Dungeon Crawl Stone Soup version 0.21.1-1-g345015f (webtiles) character file.

2 Monsterracer the Vexing (level 1, 0/12 HPs)
             Began as a Gargoyle Arcane Marksman on Apr 16, 2018.
             Slain by a kobold
             ... wielding a +0 club
              (3 damage)
             ... on level 1 of the Dungeon.
             The game lasted 00:01:32 (30 turns).

Monsterracer the Vexing (Gargoyle Arcane Marksman)    Turns: 30, Time: 00:01:32

Health: 0/12       AC:  4    Str: 13    XL:     1   Next: 40%
Magic:  1/2        EV: 12    Int: 13    God:
Gold:   0          SH:  0    Dex: 10    Spells: 1/2 levels left

rFire    . . .     SeeInvis .   e - +0 mace
rCold    . . .     Gourm    .   (no shield)
rNeg     + . .     Faith    .   a - +0 robe
rPois    ∞         Spirit   .   (no helmet)
rElec    +         Reflect  .   (no cloak)
rCorr    .         Harm     .   (no gloves)
MR       .....                  (no boots)
Stlth    +.........             (no amulet)
HPRegen  0.04/turn              (no ring)
MPRegen  0.08/turn              (no ring)

@: no status effects
A: negative energy resistance 1, electricity resistance, unbreathing,
petrification resistance, rot immunity, AC +2
a: no special abilities


You were on level 1 of the Dungeon.
You were not hungry.

You visited 1 branch of the dungeon, and saw 1 of its levels.

Inventory:

Hand Weapons
 e - a +0 mace (weapon)
Missiles
 d - 2 throwing nets (quivered)
 f - 5 javelins
Armour
 a - a +0 robe (worn)
Books
 b - a book of Debilitation

   Spells                             Type                      Level
   a - Corona                         Hexes                        1
   b - Slow                           Hexes                        2
   c - Inner Flame                    Hexes/Fire                   3
   d - Portal Projectile              Hexes/Translocation          3
   e - Cause Fear                     Hexes                        4
   f - Leda's Liquefaction            Hexes/Earth                  4
Comestibles
 c - a ration


   Skills:
 - Level 1.1 Fighting
 + Level 0.8 Maces & Flails
 - Level 1.7 Throwing
 - Level 1.5 Dodging
 - Level 1.0 Spellcasting
 - Level 2.6 Hexes


You had one spell level left.
You knew the following spells:

 Your Spells              Type           Power        Failure   Level  Hunger
a - Corona                Hex            #......      10%         1    ##.....


Dungeon Overview and Level Annotations

Branches:
Dungeon (1/15)

Altars:


Innate Abilities, Weirdness & Mutations

You are resistant to torment.
Your stone body is resilient. (AC +2)
You are immune to poison.
You resist negative energy. (rN+)
You are resistant to electric shocks. (rElec)
You can survive without breathing.
You are immune to petrification.
You are immune to rotting.


Message History

c - a ration;
f - 5 javelins Welcome, Monsterracer the Gargoyle Arcane Marksman.
The bosom of this dungeon contains the fabled artefact, the Orb of Zot.
Press ? for a list of commands and other information.
Found a staircase leading out of the dungeon.
Unknown command.
You open the large door.
Found a stone staircase leading down.
Found a mace.
There is a large open door here.
A goblin comes into view. It is wielding a dagger.
Found 9 gold pieces.
A hobgoblin comes into view.
The goblin shouts!
You see here a mace.
e - a mace Wield which item (- for none, * to show all)? (? for menu, Esc to quit)
e - a +0 mace (weapon)
A kobold comes into view. It is wielding a club.
The kobold shouts!
The kobold throws a stone.
The stone completely misses you.
A kobold comes into view.
You see here a stone.
The kobold shouts!
There is a large open door here.
You hit the goblin.
The goblin is almost dead.
The goblin hits you with a dagger.
You take 2 damage, and have 10/12 hp.
You hit the goblin.
You kill the goblin!
The hobgoblin hits you.
You take 3 damage, and have 7/12 hp.
MASSIVE DAMAGE!!
Casting: Corona
Confirm with . or Enter, or press ? or * to list all spells.
Okay, then.
Casting: Corona
Confirm with . or Enter, or press ? or * to list all spells.
Aiming: Corona
Press: ? - help, Shift-Dir - straight line, f - hobgoblin
Aim: a hobgoblin (chance to defeat MR: 59%)
The hobgoblin is outlined in light.
The hobgoblin hits you.
* * * LOW HITPOINT WARNING * * *
You take 4 damage, and have 3/12 hp.
MASSIVE DAMAGE!!
You now have 1/2 mp.
You barely miss the hobgoblin. The hobgoblin closely misses you.
The kobold barely misses you.
You hit the hobgoblin.
The hobgoblin is lightly wounded.
The hobgoblin misses you.
You sock the hobgoblin!
You kill the hobgoblin!
The kobold hits you but does no damage. The kobold hits you with a club.
You die...

### ≈≈≈§≈≈### ..#
≈≈≈§≈≈≈≈####..#
≈≈≈#§≈≈≈§##...#
≈≈§≈§§≈§##...# .
≈≈≈§≈#≈≈#...# ..
####≈§≈≈§#...##...
#@)......'.>....K.
#KK......'(...#..$
####≈§≈§§#......#
≈§≈§§≈#≈§#..K...#
≈≈§≈≈≈≈≈≈##......#
≈§§§#§≈≈≈≈##g.###.#
§§§§≈§≈≈§###..# #
§≈≈§§### #..# #####
#..#


You could see 2 kobolds.

Vanquished Creatures
  A goblin (D:1)
  A hobgoblin (D:1)
2 creatures vanquished.

Notes
Turn   | Place    | Note
-------+----------+-------------------------------------------
     0 | D:1      | Monsterracer the Gargoyle Arcane Marksman began the quest for the Orb.
     0 | D:1      | Reached XP level 1. HP: 12/12 MP: 2/2
    27 | D:1      | HP: 3/12 [hobgoblin (4)]
    30 | D:1      | Slain by a kobold

Action                   || total
-------------------------++-------
Melee: Mace              ||     5
 Cast: Corona            ||     1
Armor: Robe              ||     1
Dodge: Dodged            ||     4

Vault maps used:
D:1:      lightli_molten_gateway
